 Dungeon Crawl Stone Soup version 0.28.0 (webtiles) character file.

Game seed: 16820639953606984517

315 BorgnjorsVileCrotch the Insei (level 6, -2/47 HPs)
             Began as a Gnoll Transmuter on Feb 13, 2022.
             Killed by nerve-wracking pain
             ... invoked by an orc priest
              (11 damage)
             ... on level 5 of the Dungeon.
             The game lasted 00:04:11 (723 turns).

BorgnjorsVileCrotch the Insei (Gnoll Transmuter)     Turns: 723, Time: 00:04:12

Health: -2/47      AC:  2    Str: 11    XL:     6   Next: 44%
Magic:  7/14       EV: 22    Int: 15    God:
Gold:   122        SH:  0    Dex: 17    Spells: 9/15 levels left

rFire   . . .      SeeInvis .     - Unarmed
rCold   . . .      Faith    .   (shield currently unavailable)
rNeg    . . .      Spirit   .   (armour currently unavailable)
rPois   x          Reflect  .   (helmet currently unavailable)
rElec   .          Harm     .   (cloak currently unavailable)
rCorr   .          Rampage  .   (gloves currently unavailable)
Will    .....                   (boots currently unavailable)
Stlth   ++........              (no amulet)
HPRegen 0.15/turn               (no ring)
MPRegen 0.14/turn               (no ring)

@: spider-form (expiring), wereblooded (expiring)
A: venomous fangs, tiny, (fangs 1), strong nose, distributed training, strong 1
a: End Transformation


You were on level 5 of the Dungeon.
You were a venomous arachnid creature.
You visited 1 branch of the dungeon, and saw 5 of its levels.

You collected 122 gold pieces.

Inventory:

Armour
 a - a +0 robe (melded)
 d - a +0 pair of gloves (melded)
   (You found it on level 2 of the Dungeon)
Wands
 c - a wand of paralysis (10)
   (You found it on level 5 of the Dungeon)
Scrolls
 b - a scroll of acquirement {unknown}
 e - a scroll of enchant armour {unknown}
 f - a scroll of vulnerability {unknown}
 h - a scroll of holy word {unknown}
Potions
 g - a potion of curing {@q1 !q}
 i - 2 potions of lignification {unknown}
 j - 2 potions of ambrosia {unknown}
 k - a potion of berserk rage {unknown}


   Skills:
 + Level 3.2 Fighting
 + Level 2.0 Short Blades
 + Level 2.0 Long Blades
 + Level 2.0 Axes
 + Level 2.0 Maces & Flails
 + Level 2.0 Polearms
 + Level 2.0 Staves
 + Level 2.0 Slings
 + Level 2.0 Bows
 + Level 2.0 Crossbows
 + Level 2.0 Throwing
 + Level 2.0 Armour
 + Level 5.0 Dodging
 + Level 2.0 Stealth
 + Level 2.0 Shields
 + Level 6.8 Unarmed Combat
 + Level 5.3 Spellcasting
 + Level 1.5 Conjurations
 + Level 1.5 Hexes
 + Level 1.5 Summonings
 + Level 1.5 Necromancy
 + Level 1.5 Translocations
 + Level 4.1 Transmutations
 + Level 1.5 Fire Magic
 + Level 1.5 Ice Magic
 + Level 1.5 Air Magic
 + Level 1.5 Earth Magic
 + Level 1.5 Poison Magic
 + Level 2.1 Invocations
 + Level 2.0 Evocations


You had 9 spell levels left.
You knew the following spells:

 Your Spells              Type           Power      Damage    Failure   Level
a - Spider Form           Tmut/Pois      12%        N/A       32%         3
b - Beastly Appendage     Tmut           32%        N/A       11%         1
c - Wereblood             Tmut           16%        N/A       13%         2

Your spell library contained the following spells:

 Spells                   Type           Power      Damage    Failure   Level
 Ice Form                 Ice/Tmut       12%        N/A       65%         4


Dungeon Overview and Level Annotations

Branches:
Dungeon (5/15)
 Temple: D:4-7

Altars:
Hepliaklqana


Innate Abilities, Weirdness & Mutations

You are a venomous arachnid creature.
You have poisonous fangs.
You are tiny and dextrous.
Your spellcasting is less reliable in this form.
Your armour is entirely melded.
You are incapable of wielding weapons or throwing items.
((You have very sharp teeth.))
Your uncanny sense of smell can sniff out nearby items.
Your experience applies equally to all skills.
Your muscles are strong. (Str +2)


Message History

Found a hunting sling.
A hound comes into view.
Casting: Spider Form (dangerous; 16% risk of failure)
Confirm with . or Enter, or press ? or * to list all spells.
Your blood is infused with primal strength.
The hound barks!
You hear a shout! x2
Casting: Wereblood (safe; 4% risk of failure)
Confirm with . or Enter, or press ? or * to list all spells.
You turn into a venomous arachnid creature.
Your +0 pair of gloves melds into your body.
Your +0 robe melds into your body.
An orc comes into view. It is wielding a +0 dagger.
You barely miss the hound. The hound closely misses you.
You hit the hound.
The hound is poisoned.
The hound is lightly wounded.
The hound completely misses you. x2
You bite the hound!
The hound looks as sick as possible!
The hound is heavily wounded.
The hound closely misses you.
You hit the hound.
The hound looks as sick as possible!
The hound is severely wounded.
The hound misses you. The hound closely misses you. x2
You hit the orc.
The orc is poisoned.
The orc is moderately wounded.
You feel a bit better.
You kill the hound!
You bite the orc!
You feel a bit better.
You kill the orc!
Things that are here:
a +0 dagger; a +0 ring mail
c - a wand of paralysis (10)
You hiss as the wereblood boils in your veins!
You hiss as the wereblood boils in your veins!
Your transformation is almost over.
An orc wizard comes into view. It is wielding a +0 dagger.
The orc wizard moves out of view.
You hiss as the wereblood boils in your veins!
You hiss as the wereblood boils in your veins!
The orc wizard shouts!
You hear a shout! x3
The orc wizard gestures at you while chanting.
The magic dart hits you!
An orc priest comes into view. It is wielding a +0 short sword.
You hiss as the wereblood boils in your veins!
Your transformation has ended.
Your +0 pair of gloves unmelds from your body.
Your +0 robe unmelds from your body.
Casting: Spider Form (dangerous; 16% risk of failure)
Confirm with . or Enter, or press ? or * to list all spells.
You turn into a venomous arachnid creature.
Your +0 pair of gloves melds into your body.
Your +0 robe melds into your body.
An orc comes into view.
It is wielding a +2 flail of protection.
The orc shouts!
The orc wizard points at you and mumbles some strange words.
The puff of flame hits you!
An orc wizard comes into view. It is wielding a +0 dagger.
The orc wizard shouts!
The orc wizard casts a spell.
The orc wizard flickers and vanishes!
Deactivating autopickup; reactivate with Ctrl-A.
You bite something!
The orc hits you with a +2 flail of protection.
* * * LOW HITPOINT WARNING * * *
Something hits you.
* * * LOW HITPOINT WARNING * * *
You hit the orc.
The orc is poisoned.
The orc is severely wounded.
Your transformation is almost over.
The orc priest miscasts a cantrip.
The orc misses you.
You hit the orc.
The orc is severely wounded.
You hiss as the wereblood boils in your veins!
You feel a bit better.
You kill the orc!
You feel a bit better.
Reactivating autopickup.
You feel a bit more experienced.
Your Short Blades skill increases to level 2!
Your Long Blades skill increases to level 2!
Your Axes skill increases to level 2!
Your Maces & Flails skill increases to level 2!
Your Polearms skill increases to level 2!
Your Staves skill increases to level 2!
Your Slings skill increases to level 2!
Your Bows skill increases to level 2!
Your Crossbows skill increases to level 2!
Your Throwing skill increases to level 2!
Your Armour skill increases to level 2!
Your Dodging skill increases to level 5!
Your Stealth skill increases to level 2!
Your Shields skill increases to level 2!
Your Evocations skill increases to level 2!
You hit the orc priest.
The orc priest is poisoned.
The orc priest is heavily wounded.
You hiss as the wereblood boils in your veins!
Your primal bloodlust is almost over.
The orc priest mumbles some strange prayers to Beogh against you.
Pain shoots through your body!
You die...

..... ... # ...
#.... # .#.###.#
.o....## #o)....#
...###s####.# ∆
.............#
....###......#####
.. #............
#......######
##.)..## #...###
### #.).# #..
#...# # .#


You could see an orc priest (very poisoned) and an orc wizard.

Vanquished Creatures
  A necrophage (D:4)
  A centaur (D:5)
  A hound (D:5)
  2 iguanas (D:5)
  An orc wizard (D:5)
  An adder (D:4)
  An adder skeleton (D:4)
  3 dart slugs
  2 orcs (D:5)
  2 ball pythons
  2 endoplasms
  2 giant cockroaches
  A goblin (D:2)
  3 hobgoblins
  2 jackals (D:2)
  A frilled lizard (D:2)
  A kobold (D:1)
  3 rats
30 creatures vanquished.

Vanquished Creatures (others)
  5 fungi (D:2)
5 creatures vanquished.

Grand Total: 35 creatures vanquished

Notes
Turn   | Place    | Note
-------+----------+-------------------------------------------
     0 | D:1      | BorgnjorsVileCrotch the Gnoll Transmuter began the quest
                  | for the Orb.
     0 | D:1      | Reached XP level 1. HP: 17/17 MP: 6/6
   129 | D:2      | Reached XP level 2. HP: 19/23 MP: 5/7
   136 | D:2      | Learned a level 2 spell: Wereblood
   322 | D:4      | Found a hazy altar of Hepliaklqana.
   452 | D:4      | Reached XP level 3. HP: 28/28 MP: 5/9
   462 | D:4      | Reached skill level 5 in Spellcasting
   484 | D:4      | Learned a level 3 spell: Spider Form
   526 | D:4      | Reached skill level 1 in Invocations
   570 | D:4      | Noticed a necrophage
   582 | D:4      | Killed a necrophage
   583 | D:4      | Reached skill level 1 in Short Blades
   583 | D:4      | Reached skill level 1 in Long Blades
   583 | D:4      | Reached skill level 1 in Axes
   583 | D:4      | Reached skill level 1 in Maces & Flails
   583 | D:4      | Reached skill level 1 in Polearms
   583 | D:4      | Reached skill level 1 in Staves
   583 | D:4      | Reached skill level 1 in Slings
   583 | D:4      | Reached skill level 1 in Bows
   583 | D:4      | Reached skill level 1 in Crossbows
   583 | D:4      | Reached skill level 1 in Throwing
   583 | D:4      | Reached skill level 1 in Armour
   583 | D:4      | Reached skill level 1 in Stealth
   583 | D:4      | Reached skill level 1 in Shields
   583 | D:4      | Reached skill level 1 in Conjurations
   583 | D:4      | Reached skill level 1 in Hexes
   583 | D:4      | Reached skill level 1 in Summonings
   583 | D:4      | Reached skill level 1 in Necromancy
   583 | D:4      | Reached skill level 1 in Translocations
   583 | D:4      | Reached skill level 1 in Fire Magic
   583 | D:4      | Reached skill level 1 in Ice Magic
   583 | D:4      | Reached skill level 1 in Air Magic
   583 | D:4      | Reached skill level 1 in Earth Magic
   583 | D:4      | Reached skill level 1 in Poison Magic
   583 | D:4      | Reached skill level 1 in Evocations
   583 | D:4      | Reached XP level 4. HP: 34/34 MP: 1/11
   583 | D:4      | Reached XP level 5. HP: 40/40 MP: 1/12
   629 | D:5      | Entered Level 5 of the Dungeon
   632 | D:5      | Gained mutation: Your muscles are strong. (Str +2) [potion
                  | of mutation]
   662 | D:5      | Noticed a centaur
   663 | D:5      | Reached skill level 3 in Fighting
   672 | D:5      | Killed a centaur
   673 | D:5      | Reached skill level 4 in Transmutations
   673 | D:5      | Reached skill level 2 in Invocations
   673 | D:5      | Reached XP level 6. HP: 21/47 MP: 8/13
   723 | D:5      | Reached skill level 2 in Short Blades
   723 | D:5      | Reached skill level 2 in Long Blades
   723 | D:5      | Reached skill level 2 in Axes
   723 | D:5      | Reached skill level 2 in Maces & Flails
   723 | D:5      | Reached skill level 2 in Polearms
   723 | D:5      | Reached skill level 2 in Staves
   723 | D:5      | Reached skill level 2 in Slings
   723 | D:5      | Reached skill level 2 in Bows
   723 | D:5      | Reached skill level 2 in Crossbows
   723 | D:5      | Reached skill level 2 in Throwing
   723 | D:5      | Reached skill level 2 in Armour
   723 | D:5      | Reached skill level 5 in Dodging
   723 | D:5      | Reached skill level 2 in Stealth
   723 | D:5      | Reached skill level 2 in Shields
   723 | D:5      | Reached skill level 2 in Evocations
   723 | D:5      | Killed from afar by an orc priest

Illustrated notes

Levels and vault maps discovered:
D:1:      mrwooster_arrival_statue_2, layout_basic
D:2:      layout_basic, dreamdust_ecumenical_altar_grove, minmay_pentomino_p2,
          uniq_robin
D:3:      layout_loops_ring, mainiacjoe_overflow_brackets,
          lemuel_coloured_pillars_altar, serial_shops,
          nicolae_shop_behind_doors, minmay_fountain_box, uniq_grinder
D:4:      layout_loops_corners, worldfamousw_hep_ancestral_shrine,
          dk_noncrumbling_4
D:5:      layout_loops_cross

Skill      XL: |  1  2  3  4  5  6 |
---------------+-------------------+-----
Spellcasting   | 5 |  5.3
Invocations    | 1 2 |  2.1
Short Blades   | 1 2 |  2.0
Long Blades    | 1 2 |  2.0
Axes           | 1 2 |  2.0
Maces & Flails | 1 2 |  2.0
Polearms       | 1 2 |  2.0
Staves         | 1 2 |  2.0
Slings         | 1 2 |  2.0
Bows           | 1 2 |  2.0
Crossbows      | 1 2 |  2.0
Throwing       | 1 2 |  2.0
Armour         | 1 2 |  2.0
Stealth        | 1 2 |  2.0
Shields        | 1 2 |  2.0
Conjurations   | 1 |  1.5
Hexes          | 1 |  1.5
Summonings     | 1 |  1.5
Necromancy     | 1 |  1.5
Translocations | 1 |  1.5
Fire Magic     | 1 |  1.5
Ice Magic      | 1 |  1.5
Air Magic      | 1 |  1.5
Earth Magic    | 1 |  1.5
Poison Magic   | 1 |  1.5
Evocations     | 1 2 |  2.0
Fighting       | 3 |  3.2
Transmutations | 4 |  4.1
Dodging        | 5 |  5.0
Unarmed Combat | |  6.8

Action                   |  1- 3 |  4- 6 || total
-------------------------+-------+-------++-------
Melee: Unarmed           |    43 |    20 ||    63
       Kick              |    11 |       ||    11
       Bite              |     3 |       ||     3
       Punch             |     2 |       ||     2
       Headbutt          |     2 |       ||     2
 Cast: Beastly Appendage |    13 |       ||    13
       Wereblood         |     8 |     2 ||    10
       Spider Form       |     1 |     3 ||     4
  Use: Scroll            |       |     2 ||     2
       Potion            |       |     1 ||     1
 Stab: Sleeping          |     1 |       ||     1
Armor: Robe              |     4 |       ||     4
       Skin              |       |     2 ||     2
Dodge: Dodged            |    17 |    21 ||    38
